 Dungeon Crawl Stone Soup version 0.25-a0-35-g747a2b3c0c (webtiles) character file.

Game seed: 10835501352014698584, levelgen mode: deterministic

25 Esekla the Magician (level 2, -1/15 HPs)
             Began as a Deep Elf Wizard on Oct 19, 2019.
             Slain by a hobgoblin
             ... wielding a +0 club
              (2 damage)
             ... on level 2 of the Dungeon.
             The game lasted 00:05:57 (442 turns).

Esekla the Magician (Deep Elf Wizard)                Turns: 442, Time: 00:05:57

Health: -1/15      AC:  2    Str:  4    XL:     2   Next: 86%
Magic:  5/10       EV: 13    Int: 22    God:
Gold:   0          SH:  0    Dex: 13    Spells: 8/11 levels left

rFire    . . .     SeeInvis .   i - +0 dagger
rCold    . . .     Gourm    .   (no shield)
rNeg     . . .     Faith    .   a - +0 robe
rPois    .         Spirit   .   b - +0 hat
rElec    .         Reflect  .   (no cloak)
rCorr    .         Harm     .   (no gloves)
MR       .....                  (no boots)
Stlth    ++........             (no amulet)
HPRegen  0.05/turn              (no ring)
MPRegen  0.12/turn              (no ring)

@: very slightly contaminated
A: no striking features
a: no special abilities


You were on level 2 of the Dungeon.
You were not hungry.

You visited 1 branch of the dungeon, and saw 2 of its levels.

Inventory:

Hand Weapons
 i - a +0 dagger (weapon)
Armour
 a - a +0 robe (worn)
 b - a +0 hat (worn)
Scrolls
 f - a scroll of noise {unknown}
 g - a scroll of enchant armour {unknown}
 j - a scroll of magic mapping {unknown}
Potions
 c - a potion of ambrosia {unknown}
 e - a potion of mutation {unknown}
 h - a potion of magic {unknown}
Comestibles
 d - a ration


   Skills:
 + Level 0.1 Short Blades
 + Level 2.6 Dodging
 + Level 2.4 Stealth
 + Level 5.2 Spellcasting
 * Level 1.7 Conjurations
   Level 1.1 Summonings
 * Level 1.3 Translocations


You had 8 spell levels left.
You knew the following spells:

 Your Spells              Type           Power        Failure   Level  Hunger
a - Magic Dart            Conj           ##..         4%          1    None
b - Blink                 Tloc           N/A          9%          2    None

Your spell library contained the following spells:

 Spells                   Type           Power        Failure   Level  Hunger
 Call Imp                 Summ           ##......     10%         2    None
 Slow                     Hex            #.......     16%         2    None
 Conjure Flame            Conj/Fire      #.......     21%         3    ##.....
 Mephitic Cloud           Conj/Pois/Air  #.......     24%         3    ##.....


Dungeon Overview and Level Annotations

Branches:
Dungeon (2/15)

Altars:

Annotations:
D:2 Natasha


Message History

You hit the bat.
The bat is severely wounded.
The bat hits you.
* * * LOW HITPOINT WARNING * * *
The bat closely misses you.
You hit the bat but do no damage.
The bat is moderately wounded.
The bat hits you.
* * * LOW HITPOINT WARNING * * *
Casting: Magic Dart (safe; 4% risk of failure)
Confirm with . or Enter, or press ? or * to list all spells.
Aiming: Magic Dart (safe; 4% risk of failure)
Press: ? - help, Shift-Dir - straight line, f - bat
Aim: a bat (moderately wounded)
The magic dart hits the bat.
You kill the bat!
Found an orange potion.
Natasha, Servant of Life and Death comes into view.
The hobgoblin hits you with a +0 club.
You die...

.. .#.#. ...... ..⌠...#
h.!.... b#
.⌠....#######.# ..
............>(# #. ##
#.#.#.#.@# # #.##.
........g### #. #..#.
#.###....K.# #..##...
#....##.## #......
.......##..#### ####...
..###...###.w†.#####.....
. #...# ####........##.
##### #######..###
###.....


You could see a worm, a hobgoblin and a kobold.

Vanquished Creatures
  An adder (D:2)
  2 goblins (D:1)
  3 hobgoblins (D:1)
  6 bats
  A frilled lizard (D:1)
  3 kobolds
  2 rats (D:1)
18 creatures vanquished.

Notes
Turn   | Place    | Note
-------+----------+-------------------------------------------
     0 | D:1      | Esekla the Deep Elf Wizard began the quest for the Orb.
     0 | D:1      | Reached XP level 1. HP: 10/10 MP: 7/7
     2 | D:1      | Noticed an ogre
     2 | D:1      | Noticed a spriggan
     4 | D:1      | Noticed a naga
     6 | D:1      | Noticed an octopode
     8 | D:1      | Noticed a tengu
    10 | D:1      | Noticed a draconian
    10 | D:1      | Noticed a troll
    12 | D:1      | Noticed a halfling
    12 | D:1      | Noticed an elf
    14 | D:1      | Noticed a minotaur
    14 | D:1      | Noticed a formicid
    16 | D:1      | Noticed a merfolk
    16 | D:1      | Noticed a demigod
    18 | D:1      | Noticed a demonspawn
    18 | D:1      | Noticed a vine stalker
    20 | D:1      | Noticed a dwarf
    20 | D:1      | Noticed a centaur
    22 | D:1      | Noticed a vampire
    24 | D:1      | Noticed a human
    24 | D:1      | Noticed a felid
    26 | D:1      | Noticed a gargoyle
    26 | D:1      | Noticed a ghoul
   241 | D:1      | Reached XP level 2. HP: 15/15 MP: 2/9
   286 | D:1      | Reached skill level 5 in Spellcasting
   308 | D:1      | Learned a level 2 spell: Blink
   441 | D:2      | Noticed Natasha
   442 | D:2      | Slain by a hobgoblin

Levels and vault maps discovered:
D:1:      kb_arrival_jail, layout_basic, minivault_26, tso_altar
D:2:      layout_rooms, elyvilon_altar_5, minmay_misc_feat_plants, uniq_natasha,
          uniq_jessica

Skill      XL: |  1  2 |
---------------+-------+-----
Spellcasting   | 5 |  5.2
Short Blades   | |  0.1
Dodging        | |  2.6
Stealth        | |  2.4
Conjurations   | |  1.7
Summonings     | |  1.1
Translocations | |  1.3

Action                   || total
-------------------------++-------
Melee: Dagger            ||     9
 Cast: Magic Dart        ||    42
       Blink             ||     1
Armor: Robe              ||     6
Dodge: Dodged            ||    20

Table legend:
 A = Non-vault XP
 B = Vault XP
 C = Vault XP percentage of total XP
 D = Non-vault monster count
 E = Vault monster count
 F = Vault count percentage of total count
                 A         B        C        D         E       F
            +---------+---------+-------+---------+---------+-------
      Total |      37 |       0 |   0.0 |      18 |       0 |   0.0
            +---------+---------+-------+---------+---------+-------
        D:1 |      22 |       0 |   0.0 |      15 |       0 |   0.0
        D:2 |      15 |       0 |   0.0 |       3 |       0 |   0.0
            +---------+---------+-------+---------+---------+-------
